 Dungeon Crawl Stone Soup version 0.32-a0-928-g1cae6b7ea0 (webtiles) character file.

Game seed: 13728364770460072589

8920 bronco the Severer (level 11, -10/97 HPs)
             Began as a Minotaur Berserker on Apr 12, 2024.
             Was a Priest of Trog.
             Killed by divine providence
             ... invoked by a smoke demon
              (14 damage)
             ... on level 1 of the Abyss.
             The game lasted 00:22:19 (9396 turns).

bronco the Severer (Minotaur Berserker)             Turns: 9396, Time: 00:22:19

Health: -10/97     AC: 11    Str: 27    XL:     11   Next: 16%
Magic:  3/10       EV: 12    Int:  4    God:    Trog [***...]
Gold:   525        SH:  0    Dex:  9    Spells: 10/10 levels left

rFire   + . .        a - +1 war axe (drain)
rCold   . . .        (no shield)
rNeg    + . .        q - +0 leather armour of the Armoured One {rPois Will+ rCorr}
rPois   +            d - +2 hat
rElec   .            (no cloak)
rCorr   +            B - +1 pair of gloves
SInv    .            g - +2 pair of boots {Stlth+}
Will    +++..        (no amulet)
Stlth   ++           y - ring of protection from fire
HPRegen 1.00/turn    G - ring of positive energy
MPRegen 0.12/turn

%: no passive effects
@: mighty, strong-willed, on berserk cooldown, sick, regenerating, slowed,
studying Unarmed Combat, very slow
A: horns 2, retaliatory headbutt
a: Renounce Religion, Berserk, Trog's Hand


You were on level 1 of the Abyss.
You worshipped Trog.
Trog was most pleased with you.
You visited 1 branch of the dungeon, and saw 10 of its levels.
You visited the Abyss 1 time.

You collected 525 gold pieces.

Inventory:

Hand Weapons
 a - a +1 war axe of draining (weapon)
 b - a +0 arbalest
 H - a +1 scimitar of flaming
Missiles
 k - 29 stones
 C - 12 poisoned darts
Armour
 d - a +2 hat (worn)
 g - a +2 pair of boots of stealth (worn)
 q - the +0 leather armour of the Armoured One (worn) {rPois Will+ rCorr}
   (You found it on level 3 of the Dungeon)

   rPois:     It protects you from poison.
   Will+:     It increases your willpower.
   rCorr:     It protects you from acid and corrosion.
 v - a +1 scale mail of positive energy
 x - a +0 ring mail of cold resistance
 B - a +1 pair of gloves (worn)
Jewellery
 w - an amulet of magic regeneration
 y - a ring of protection from fire (left hand)
 G - a ring of positive energy (right hand)
Wands
 j - a wand of mindburst (12)
 z - a wand of paralysis (53)
 A - a wand of digging (2)
 E - a wand of acid (4) (quivered)
Scrolls
 n - 2 scrolls of noise
 s - a scroll of immolation
 F - 3 scrolls of enchant weapon
Potions
 c - 5 potions of curing
 e - a potion of resistance {unknown}
 f - a potion of mutation {unknown}
 l - a potion of brilliance {unknown}
 m - 2 potions of cancellation {unknown}
 o - 2 potions of might
 p - a potion of experience {unknown}
 r - a potion of degeneration {unknown}
 t - 2 potions of enlightenment {unknown}
 u - 3 potions of magic {unknown}
 D - 2 potions of lignification {unknown}


   Skills:
 - Level 9.3 Fighting
 - Level 16.1 Axes
 * Level 6.6 Armour
 * Level 7.5 Dodging
 - Level 0.6 Stealth


You had 10 spell levels left.
You didn't know any spells.
Your spell library contained the following spells:

 Spells                   Type           Power      Damage    Failure   Level
 Slow                     Hex            0%         N/A       54%         1
 Confusing Touch          Hex            0%         N/A       88%         3
 Vampiric Draining        Necr           0%         2d6       88%         3
 Volatile Blastmotes      Fire/Tloc      0%         2d10      88%         3
 Anguish                  Hex/Necr       0%         N/A       99%         4
 Cause Fear               Hex            0%         N/A       99%         4
 Fulminant Prism          Conj/Alch      0%         3d5       99%         4
 Iskenderun's Mystic Bla Conj/Tloc 0%             2d3        (+2d1     99%         4
 Vhi's Electric Charge    Tloc/Air       0%         N/A       99%         4
 Arcjolt                  Conj/Air       0%         1d10      100%        5
 Plasma Beam              Fire/Air       0%         2x1d10    100%        6
 Enfeeble                 Hex            0%         N/A       100%        7


Dungeon Overview and Level Annotations

Branches:
Dungeon (10/15)            Temple (0/1) D:7
   Lair: D:8-11         Orc: D:9-12

Altars:
Elyvilon
Makhleb
Nemelex Xobeh
Ru
Trog
Uskayaw

Shops:
D:2 !?(

Annotations:
D:9 Psyche


Innate Abilities, Weirdness & Mutations

You have a pair of horns on your head.
You reflexively headbutt those who attack you in melee.


Message History

The crimson imp blinks!
A chaos spawn comes into view.
The small abomination completely misses you.
Unknown command.
Unknown command.
Okay, then.
You feel much better.
The small abomination barely misses you.
Unknown command.
Unknown command.
Unknown command.
Okay, then.
You feel very mighty all of a sudden.
The small abomination hits you but does no damage.
The glowing orange brain pulsates.
The glowing orange brain radiates an aura of fear!
You resist with almost no effort. The smoke demon gestures at you.
Something smites you!
* * * LOW HITPOINT WARNING * * *
The small abomination hits you but does no damage.
Unknown command.
The chaos spawn trumpets!
You slice the small abomination!!
The small abomination is almost destroyed.
You hear a chilling moan.
The small abomination hits you.
* * * LOW HITPOINT WARNING * * *
You barely miss the small abomination. You headbutt the small abomination.
You destroy the small abomination!
The small abomination dissolves into shadows!
The glowing orange brain pulsates.
The smoke demon gestures at you. Something smites you!
* * * LOW HITPOINT WARNING * * *
You slash the quasit!
The quasit is severely wounded.
The smoke demon dissolves into shadows!
The smoke demon gestures at you. Something smites you!
You die...

# .. .. # 5 .
#.*...# # #.
## # #. .#
##..#. #
..#.. ###. .
. ##.23# # .
.# #53#G. #
.#. #.
#.5###.##..#.
.#
.##@......# .
#..#.
#####.### .
.# #. . # ..
# . #


You could see a blizzard demon (summoned), a glowing orange brain, 2 smoke
demons, a quasit (summoned) and a crimson imp (summoned).

Vanquished Creatures
  Erica (D:8)
  Amaemon (D:9)
  A glowing orange brain (Abyss:1)
  Pikel (D:4)
  A worldbinder (Abyss:1)
  A smoke demon (Abyss:1)
  An orange demon (D:9)
  Sigmund (D:5)
  2 ynoxinuls (Abyss:1)
  3 wyverns
  4 yaks (D:8)
  A steam dragon (D:6)
  Menkaure (D:4)
  A small abomination (Abyss:1)
  2 acid dragons (D:9)
  A water moccasin (D:9)
  3 ice beasts
  A laughing skull (Abyss:1)
  2 sky beasts (D:7)
  3 ogres
  5 centaurs
  2 kobold brigands
  2 lemures (D:4)
  4 phantoms
  Blork the orc (D:5)
  A brain worm (Abyss:1)
  4 bullfrogs
  5 scorpions (D:5)
  6 wights
  A howler monkey (D:5)
  A jelly (D:7)
  3 bombardier beetles
  4 hounds
  3 gnoll boudas
  6 orc priests
  Jessica (D:3)
  Terence (D:3)
  2 iguanas
  2 sleepcaps
  Ijyb (D:3)
  3 orc wizards
  Robin (D:3)
  7 adders
  14 gnolls
  A white imp (D:6)
  2 ufetubi (Abyss:1)
  A dart slug (D:4)
  19 orcs
  7 ball pythons
  2 bats
  5 endoplasms
  3 giant cockroaches (D:4)
  12 goblins
  17 hobgoblins
  A quokka (D:1)
  3 frilled lizards (D:1)
  13 kobolds
  5 rats
203 creatures vanquished.

Vanquished Creatures (others)
  2 starspawn tentacles (Abyss:1)
2 creatures vanquished.

Grand Total: 205 creatures vanquished

Notes
Turn   | Place    | Note
-------+----------+-------------------------------------------
     0 | D:1      | bronco the Minotaur Berserker began the quest for the Orb.
     0 | D:1      | Reached XP level 1. HP: 19/19 MP: 0/0
   285 | D:1      | Reached XP level 2. HP: 27/27 MP: 1/1
   410 | D:1      | Reached skill level 4 in Axes
  1276 | D:2      | Found Ugiumaer's Distillery.
  1302 | D:2      | Reached ** piety under Trog
  1469 | D:2      | Reached XP level 3. HP: 33/33 MP: 2/2
  1536 | D:2      | Found Yssiq's Magic Scroll Shoppe.
  1718 | D:2      | Found Lazeil's Antique Weapon Shoppe.
  1936 | D:3      | Noticed Jessica
  1939 | D:3      | Killed Jessica
  1948 | D:3      | Noticed Robin
  1949 | D:3      | Noticed Ijyb
  1959 | D:3      | Killed Robin
  1960 | D:3      | Reached XP level 4. HP: 33/41 MP: 3/3
  2027 | D:3      | Killed Ijyb
  2056 | D:3      | Reached skill level 5 in Axes
  2063 | D:3      | Reached XP level 5. HP: 47/47 MP: 4/4
  2169 | D:3      | Noticed a phantom
  2176 | D:3      | Killed a phantom
  2177 | D:3      | Identified the +0 leather armour of the Armoured One {rPois
                  | Will+ rCorr}
  2666 | D:3      | Noticed Terence
  2673 | D:3      | Killed Terence
  2991 | D:4      | Reached skill level 6 in Axes
  2991 | D:4      | Reached XP level 6. HP: 55/55 MP: 5/5
  3066 | D:4      | Noticed Menkaure
  3089 | D:4      | Killed Menkaure
  3090 | D:4      | Reached skill level 7 in Axes
  3439 | D:4      | Found a sacrificial altar of Ru.
  3451 | D:4      | Reached skill level 8 in Axes
  3451 | D:4      | Reached XP level 7. HP: 44/60 MP: 6/6
  3821 | D:4      | Noticed Pikel
  3910 | D:4      | Killed Pikel
  3911 | D:4      | Reached skill level 10 in Axes
  3911 | D:4      | Reached XP level 8. HP: 24/67 MP: 7/7
  4127 | D:5      | Entered Level 5 of the Dungeon
  4140 | D:5      | Reached skill level 11 in Axes
  4146 | D:5      | Noticed Blork the orc
  4157 | D:5      | Killed Blork the orc
  4165 | D:5      | Noticed Sigmund
  4236 | D:5      | Killed Sigmund
  4244 | D:5      | Reached skill level 12 in Axes
  4558 | D:5      | Reached *** piety under Trog
  4588 | D:5      | Reached skill level 13 in Axes
  4611 | D:5      | Reached XP level 9. HP: 73/73 MP: 8/8
  4862 | D:6      | Reached skill level 5 in Fighting
  5092 | D:6      | Reached skill level 14 in Axes
  5515 | D:6      | Found a burning altar of Makhleb.
  5536 | D:6      | Found a hide-covered altar of Uskayaw.
  5540 | D:6      | Found a white marble altar of Elyvilon.
  5845 | D:6      | Found a sparkling altar of Nemelex Xobeh.
  6177 | D:7      | Found a staircase to the Ecumenical Temple.
  6621 | D:7      | Reached **** piety under Trog
  6622 | D:7      | Reached skill level 15 in Axes
  6945 | D:8      | You fall into a shaft and drop 2 floors!
  6945 | D:10     | Entered Level 10 of the Dungeon
  7060 | D:10     | Reached XP level 10. HP: 78/85 MP: 9/9
  7237 | D:9      | Noticed Amaemon
  7238 | D:9      | Noticed an orange demon
  7252 | D:9      | Killed Amaemon
  7257 | D:9      | Killed an orange demon
  7764 | D:8      | Noticed Erica
  7784 | D:8      | Killed Erica
  7785 | D:8      | Reached skill level 16 in Axes
  7785 | D:8      | Reached skill level 5 in Armour
  7962 | D:8      | Found a bloodstained altar of Trog.
  7983 | D:8      | Reached skill level 5 in Dodging
  8322 | D:9      | Noticed Psyche
  8327 | Abyss:1  | Cast into level 1 of the Abyss (Psyche)
  8348 | Abyss:1  | Noticed a starcursed mass
  8351 | Abyss:1  | Found a corrupted altar of Lugonu.
  8386 | Abyss:1  | Noticed a tentacled starspawn
  8458 | Abyss:1  | Noticed a tentacled starspawn
  8487 | Abyss:1  | Noticed a large abomination
  8834 | Abyss:1  | Noticed a sun demon
  8834 | Abyss:1  | Noticed a sun demon
  8948 | Abyss:1  | Noticed a balrug
  8949 | Abyss:1  | Noticed a sun demon
  9038 | Abyss:1  | Noticed a starcursed mass
  9081 | Abyss:1  | Noticed a smoke demon
  9099 | Abyss:1  | Noticed a worldbinder
  9106 | Abyss:1  | Killed a worldbinder
  9109 | Abyss:1  | Reached XP level 11. HP: 89/97 MP: 7/10
  9353 | Abyss:1  | Noticed a glowing orange brain
  9353 | Abyss:1  | Noticed a glowing orange brain
  9354 | Abyss:1  | Noticed a large abomination
  9355 | Abyss:1  | Noticed a wretched star
  9391 | Abyss:1  | Killed a glowing orange brain
  9391 | Abyss:1  | HP: 2/97 [smoke demon/divine providence (11)]
  9396 | Abyss:1  | Noticed a blizzard demon
  9396 | Abyss:1  | Killed from afar by a smoke demon

Illustrated notes

Levels and vault maps discovered:
D:1:      psy_arrival_radial02, layout_basic, roderic_roman_lattice
D:2:      layout_basic, serial_shops, shop, nicolae_shop_gibbet_a_chance,
          nicolae_square_shop, minmay_hexomino_u4
D:3:      layout_basic, nicolae_goblin_pals, uniq_terence, uniq_ijyb,
          uniq_jessica
D:4:      minmay_diamond_boxcup, layout_gridville, hangedman_ru_absence,
          dk_noncrumbling_3, minmay_fractal_squares_5, uniq_menkaure, uniq_pikel
D:5:      layout_basic, uniq_sigmund, uniq_blork_the_orc
D:6:      layout_cave_pools, minmay_overflow_temple_star_quad,
          nemelex_dance_club_becter
D:7:      layout_loops_cross, minmay_temple_entry_tees
D:8:      layout_rooms, lemuel_round_altar, minmay_checkerbox, uniq_erica
D:9:      layout_loops_corners, david_orc_4, uniq_amaemon, uniq_psyche
D:10:     layout_basic, dpeg_oklobed_lair, gammafunk_ghost_berserking_beasts,
          minmay_starry_boxes, uniq_joseph
Abyss:1:  base:
D:1

Skill      XL: |  1  2  3  4  5  6  7  8  9 10 11 |
---------------+----------------------------------+-----
Axes           | 4 5 6 8 10 13 15 16 | 16.1
Fighting       | 4 7 9 |  9.3
Armour         | 3 4 6 |  6.6
Dodging        | 3 6 7 |  7.5
Stealth        | |  0.6

Action                     |  1- 3 |  4- 6 |  7- 9 | 10-12 || total
---------------------------+-------+-------+-------+-------++-------
  Melee: Hand axe          |    26 |       |       |       ||    26
         War axe           |    38 |    84 |   192 |   162 ||   476
         Headbutt          |     7 |    15 |    25 |    39 ||    86
   Fire: Orcbow            |       |       |    22 |       ||    22
         Arbalest          |       |       |    20 |    31 ||    51
  Throw: Stone             |       |     4 |    33 |       ||    37
 Invoke: Berserk           |       |     4 |     4 |     5 ||    13
         Trog's Hand       |       |     1 |     2 |     5 ||     8
  Evoke: Wand              |       |       |       |     6 ||     6
    Use: Scroll            |     8 |     1 |     5 |     4 ||    18
         Potion            |       |       |       |     4 ||     4
   Stab: Sleeping          |       |     5 |     4 |     1 ||    10
 Armour: Ring mail         |     4 |       |       |       ||     4
         Animal skin       |     2 |       |       |       ||     2
         Scale mail        |    31 |    35 |     3 |       ||    69
         Leather armour    |       |    12 |   124 |   135 ||   271
  Dodge: Dodged            |    39 |    29 |    88 |    81 ||   237

Table legend: (Time is in decaauts)
 A = Elapsed time spent in this place.
 B = Non-inter-level travel time spent in this place.
 C = Inter-level travel time spent in this place.
 D = Time resting spent in this place.
 E = Time spent auto-exploring this place.
 F = Levels seen in this place.
 G = Mean time per level.
                   A        B        C        D        E       F      G
               +--------+--------+--------+--------+--------+-----+--------+
         Total |   9536 |   9261 |    275 |   1537 |   5889 |  11 |  866.9 |
       Dungeon |   8474 |   8199 |    275 |    783 |   5889 |  10 |  847.4 |
         Abyss |   1062 |   1062 |      0 |    754 |      0 |   1 | 1062.0 |
               +--------+--------+--------+--------+--------+-----+--------+

Top non-repeatable levels by time:
     D:4: 1424 daAuts
     D:6: 1141 daAuts
 Abyss:1: 1062 daAuts
     D:3: 1046 daAuts
     D:1: 1040 daAuts
     D:7: 851 daAuts
     D:9: 782 daAuts
     D:2: 750 daAuts
     D:8: 636 daAuts
     D:5: 594 daAuts
    D:10: 205 daAuts
